Map: Whirlwind LE (Void)

Players

MindtheGap

  • Race: Zerg Zerg
  • Spawn Location: 1:00

Emil - Winner!

  • Race: Terran Terran
  • League: Diamond
  • Spawn Location: 11:00

VOD

Have the link to the VOD?

Description

Time

  • Played on: Nov. 24, 2016, 1:51 p.m.
  • Length: 18:07
Show
View Real Time Build Order
Export as new Build Order

MindtheGap Zerg 

Build Orders: Hatch First 

Get SALT Encoding   

  12  0:01  Drone  
  13  0:13  Overlord  
  13  0:17  Drone  
  14  0:32  Drone x2  
  14  0:35  Drone  
  17  0:55  Hatchery  
  16  0:59  Drone  
  17  1:07  Extractor  
  16  1:12  Spawning Pool  
  16  1:16  Drone  
  16  1:18  Drone  
  16  1:22  Drone  
  18  1:29  Overlord  
  18  1:39  Drone  
  19  1:52  Drone  
  20  1:59  Queen  
  22  2:03  Zergling x2  
  22  2:07  Queen  
  25  2:08  Zergling x2  
  25  2:12  Drone  
  27  2:16  Metabolic Boost  
  27  2:21  Drone  
  28  2:34  Drone x3  
  31  2:39  Drone  
  32  2:46  Drone  
  33  2:51  Drone  
  33  2:55  Drone  
  35  3:02  Drone  
  36  3:09  Overlord x2  
  36  3:13  Hatchery  
  36  3:16  Drone  
  36  3:27  Queen  
  36  3:29  Drone x3  
  36  3:30  Drone x3  
  36  3:32  Overlord  
  44  3:41  Drone x2  
  44  3:43  Roach Warren  
  44  3:45  Drone  
  44  3:46  Drone x2  
  48  3:50  Drone x2  
  48  3:51  Drone  
  52  3:55  Drone x2  
  52  3:56  Extractor  
  48  4:23  Zergling x10  
  53  4:29  Roach  
  53  4:30  Roach x3  
  61  4:35  Extractor  
  61  4:37  Spine Crawler  
  55  4:51  Roach x5  
  64  4:58  Overlord x2  
  59  5:01  Overlord x2  
  59  5:02  Overlord  
  59  5:07  Overlord  
  59  5:08  Overlord  
  59  5:16  Drone x2  
  59  5:17  Spore Crawler, Drone  
  61  5:22  Ravager x4  
  61  5:25  Drone x2  
  67  5:31  Pneumatized Carapace  
  67  5:33  Drone  
  68  5:37  Drone x2  
  68  5:40  Drone  
  71  5:43  Drone  
  71  5:44  Drone  
  73  5:56  Drone x4  
  73  5:57  Drone x3  
  80  6:06  Drone x3  
  80  6:07  Extractor, Drone  
  83  6:16  Evolution Chamber x2  
  83  6:17  Spore Crawler  
  80  6:21  Drone x3  
  80  6:24  Drone  
  80  6:25  Drone  
  84  6:27  Roach  
  82  6:33  Spore Crawler, Roach x3  
  82  6:38  Roach x2  
  83  7:02  Roach x5  
  83  7:03  Roach x4  
  94  7:15  Roach x2  
  94  7:16  Roach x6  
  94  7:22  Overlord x3  
  106  7:33  Zerg Missile Weapons Level 1  
  106  7:34  Zerg Ground Armor Level 1  
  106  7:38  Lair  
  106  7:41  Drone x2  
  108  7:48  Drone x4  
  112  7:55  Drone x3  
  115  8:00  Drone x2  
  117  8:08  Drone x5  
  117  8:09  Drone  
  123  8:14  Drone x2  
  123  8:15  Drone  
  126  8:29  Roach x2  
  126  8:30  Overlord x4  
  130  8:38  Spore Crawler  
  130  8:39  Zergling x2  
  128  8:51  Roach x6  
  128  8:52  Roach x3  
  128  8:55  Spine Crawler  
  135  9:06  Roach x5  
  134  9:17  Drone x5  
  139  9:25  Glial Reconstitution  
  139  9:33  Drone x5  
  144  9:50  Ravager x7  
  144  9:51  Ravager  
  148  10:18  Extractor  
  148  10:20  Extractor  
  146  10:23  Zerg Missile Weapons Level 2  
  146  10:32  Overlord x3  
  146  10:37  Overlord x5  
  145  11:03  Drone x4  
  145  11:04  Drone x4  
  147  11:18  Spore Crawler  
  146  11:26  Overlord x2  
  146  11:27  Ravager x2  
  146  11:28  Ravager x3  
  146  11:29  Ravager x2  
  153  11:43  Zerg Ground Armor Level 2  
  153  11:44  Hydralisk Den  
  152  11:52  Spore Crawler, Drone x7  
  152  11:53  Drone  
  159  12:06  Overseer  
  159  12:10  Hatchery  
  146  12:15  Hatchery  
  82  12:35  Roach x2  
  82  12:36  Roach x9  
  80  12:52  Drone x3  
  83  13:11  Hydralisk x6, Grooved Spines  
  95  13:20  Drone  
  95  13:21  Drone x2  
  95  13:26  Hydralisk x5  
  104  13:31  Hydralisk  
  104  13:32  Hydralisk x2  
  114  13:36  Drone x2  
  116  13:48  Spine Crawler  
  116  13:49  Hydralisk x3  
  120  13:58  Hydralisk x2  
  120  13:59  Hydralisk  
  111  14:28  Hatchery, Drone x4  
  111  14:29  Drone x4  
  112  14:36  Hydralisk  
  114  14:48  Hydralisk  
  114  14:49  Hydralisk  
  118  14:54  Drone x2  
  118  14:55  Drone  
  93  15:17  Hydralisk  
  93  15:18  Hydralisk x5  
  93  15:30  Spire  
  93  15:31  Drone  
  93  15:32  Drone  
  93  15:33  Drone  
  81  15:54  Drone x5  
  81  15:55  Drone x6  
  92  16:15  Muscular Augments  
  92  16:35  Spore Crawler  
  91  16:42  Mutalisk  
  91  16:43  Mutalisk x12  
  117  16:56  Spore Crawler, Drone x6  
  117  16:57  Drone x3  
  125  17:14  Mutalisk x2  
  125  17:15  Mutalisk x4  
  133  17:22  Mutalisk x3  
  141  17:32  Spine Crawler  
  141  17:33  Spine Crawler  
Show
View Real Time Build Order
Export as new Build Order

Emil Terran - Winner!

Build Orders: Hellion Opening, Mech 

Get SALT Encoding   

  12  0:04  SCV  
  13  0:16  Supply Depot  
  13  0:20  SCV  
  14  0:26  Refinery  
  14  0:39  Barracks  
  14  0:42  SCV  
  15  0:56  SCV  
  16  1:26  Orbital Command  
  16  1:29  Marine  
  16  1:31  Factory  
  17  1:55  Command Center  
  17  2:04  Barracks Reactor  
  17  2:06  SCV  
  18  2:19  Hellion  
  18  2:22  Supply Depot  
  20  2:35  SCV  
  20  2:36  Refinery  
  21  2:49  Hellion x2  
  25  2:54  Barracks Reactor, Factory  
  25  3:09  Orbital Command  
  25  3:11  Hellion  
  27  3:17  SCV  
  28  3:26  Supply Depot  
  28  3:33  SCV  
  29  3:43  Hellion x2  
  29  3:45  SCV  
  34  3:54  SCV  
  35  3:57  SCV  
  35  3:59  Hellion  
  38  4:06  SCV  
  35  4:24  Hellion x4  
  41  4:32  SCV  
  42  4:45  Hellion x2  
  46  4:46  SCV x2  
  46  4:49  Hellion  
  50  4:58  SCV x2  
  44  5:02  Cyclone  
  44  5:06  Cyclone  
  50  5:10  SCV x2  
  52  5:18  Supply Depot, Barracks Tech Lab  
  52  5:22  SCV x2  
  54  5:34  Supply Depot  
  54  5:40  Cyclone x2  
  60  5:46  Supply Depot  
  60  5:55  Cyclone x2, SCV x2  
  68  5:57  Starport  
  68  6:03  Command Center  
  68  6:12  Cyclone  
  68  6:13  Factory, SCV x2  
  68  6:15  Refinery  
  68  6:17  Refinery  
  73  6:25  Supply Depot, SCV x2  
  75  6:37  SCV x2  
  77  6:49  SCV x2  
  68  7:01  SCV  
  62  7:09  SCV  
  62  7:14  SCV  
  61  7:19  Siege Tank  
  61  7:21  Medivac, SCV  
  52  7:25  Orbital Command  
  52  7:26  SCV  
  52  7:28  Command Center  
  53  7:30  Factory  
  53  7:31  Armory  
  53  7:32  Cyclone  
  53  7:34  SCV  
  57  7:39  Supply Depot  
  57  7:44  Supply Depot  
  57  7:45  Supply Depot  
  57  7:51  Hellion x3  
  63  7:52  Hellion  
  63  7:58  Starport Reactor  
  65  8:03  SCV x2  
  65  8:05  Hellion  
  69  8:12  Hellion  
  71  8:15  SCV  
  71  8:17  Orbital Command  
  72  8:25  Liberator x2  
  72  8:26  Siege Tank  
  75  8:41  Supply Depot  
  75  8:43  Supply Depot  
  81  8:58  Siege Tank  
  76  9:17  Cyclone x3  
  85  9:30  Siege Tank  
  88  9:41  Hellion  
  88  9:44  Factory Tech Lab  
  90  9:46  Terran Vehicle Weapons Level 1  
  90  9:49  Hellion  
  92  10:04  Siege Tank  
  92  10:06  Siege Tank  
  95  10:36  Siege Tank  
  95  10:37  Cyclone  
  95  10:38  Siege Tank  
  95  10:40  Hellion  
  95  10:41  Hellion x2  
  108  11:01  Hellion  
  108  11:02  Hellion x2  
  108  11:08  Hellion  
  108  11:09  Hellion  
  108  11:10  Siege Tank  
  112  11:23  Hellion x3  
  115  11:30  Hellion  
  115  11:31  Hellion, Infernal Pre-Igniter  
  119  11:42  Hellion  
  119  11:44  Hellion  
  119  11:45  Hellion x2  
  127  11:51  Hellion  
  127  11:52  Hellion  
  131  11:56  Orbital Command  
  131  11:57  SCV x2  
  133  12:04  Hellion  
  133  12:06  Hellion x3  
  133  12:07  Terran Vehicle Weapons Level 2  
  141  12:09  SCV x2  
  141  12:12  Hellion  
  141  12:14  Hellion  
  128  12:25  Hellion  
  128  12:27  Hellion  
  128  12:28  Hellion x2  
  116  12:34  Hellion  
  116  12:35  Hellion  
  110  12:47  Hellion  
  110  12:48  Hellion  
  110  12:49  Hellion x2  
  118  12:55  Hellion  
  118  12:56  Hellion, Viking x2  
  126  13:00  Refinery, Hellion x7  
  126  13:08  Siege Tank  
  126  13:09  Liberator x2, Engineering Bay  
  129  13:16  Siege Tank  
  132  13:26  Refinery  
  138  13:36  Planetary Fortress  
  138  13:40  Siege Tank  
  129  13:48  Siege Tank  
  128  14:12  Siege Tank  
  121  14:20  Siege Tank  
  121  14:21  SCV  
  109  14:41  Hellion x4  
  109  14:44  Siege Tank  
  120  14:52  Siege Tank  
  123  15:02  Hellion  
  123  15:03  Hellion x3  
  131  15:16  Siege Tank  
  131  15:17  SCV  
  131  15:18  SCV x3  
  138  15:24  Hellion x4  
  138  15:25  Siege Tank  
  138  15:27  Factory  
  147  15:29  Factory  
  147  15:30  SCV x4  
  135  15:42  SCV x4  
  137  15:44  Building Armor  
  137  15:45  Hellion  
  137  15:46  Hellion x3  
  137  15:48  Siege Tank  
  148  15:54  SCV  
  152  15:57  Siege Tank  
  152  16:07  Refinery  
  152  16:10  Missile Turret x2  
  152  16:11  Refinery  
  152  16:15  Hellion  
  152  16:16  Medivac  
  156  16:24  Supply Depot  
  156  16:27  Factory Tech Lab x2  
  156  16:30  Supply Depot x2  
  156  16:32  Supply Depot x2  
  156  16:45  Medivac  
  156  16:46  Hellion x3  
  164  16:51  Medivac  
  164  16:52  Hellion  
  168  16:57  Hellion x10  
  168  17:07  Orbital Command  
  168  17:10  Widow Mine  
  168  17:12  Thor x4  
  182  17:51  Missile Turret  
  182  17:55  Missile Turret  
Tags
 
Composition
Mech
League
Diamond
Matchup
TvZ
Replay Pack
EmSC2Tv
Spawn Locations
Close Positions
Add a new tag
Caveats
  • Supply blocks, unpowered buildings, or Contaminate may cause inaccurate times.
  • Supply counts are checked every 10 seconds.